 Dungeon Crawl Stone Soup version 0.26-a0-579-g3afe4966bf (webtiles) character file.

Game seed: 5565911150127732655

16 Isi the Grave Robber (level 2, -5/20 HPs)
             Began as a Ghoul Necromancer on Aug 23, 2020.
             Slain by Crazy Yiuf
             ... wielding a +4 quarterstaff of chaos
              (15 damage)
             ... on level 2 of the Dungeon.
             The game lasted 00:07:30 (1453 turns).

Isi the Grave Robber (Ghoul Necromancer)            Turns: 1453, Time: 00:07:32

Health: -5/20      AC:  4    Str: 10 (11) XL:     2   Next: 58%
Magic:  1/3        EV: 12    Int:  9 (10) God:
Gold:   77         SH:  0    Dex:  9      Spells: 2/4 levels left

rFire    + . .     SeeInvis .   (no weapon)
rCold    + + +     Faith    .   (no shield)
rNeg     + + +     Spirit   .   a - +2 robe
rPois    ∞         Reflect  .   (no helmet)
rElec    .         Harm     .   f - scarf {rC+ rF+}
rCorr    .                      (no gloves)
MR       .....                  (no boots)
Stlth    ++........             (no amulet)
HPRegen  0.00/turn              b - ring of poison resistance
MPRegen  0.08/turn              e - ring of protection from cold

@: slowed, very slow
A: rotting body, claws 1, cold resistance 1, negative energy resistance 3,
inhibited regeneration, torment resistance, unbreathing
a: no special abilities


You were on level 2 of the Dungeon.
You visited 1 branch of the dungeon, and saw 2 of its levels.

You collected 77 gold pieces.

Inventory:

Armour
 a - a +2 robe (worn)
 f - a scarf of resistance (worn)
Jewellery
 b - a ring of poison resistance (left claw)
 e - a ring of protection from cold (right claw)
Scrolls
 c - 3 scrolls of remove curse


   Skills:
 + Level 1.8 Dodging
 + Level 2.5 Stealth
 + Level 0.6 Unarmed Combat
 + Level 1.8 Spellcasting
 + Level 4.3 Necromancy


You had 2 spell levels left.
You knew the following spells:

 Your Spells              Type           Power        Failure   Level
a - Pain                  Necr           #...         6%          1
b - Animate Skeleton      Necr           #.....       6%          1

Your spell library contained the following spells:

 Spells                   Type           Power        Failure   Level
 Vampiric Draining        Necr           #.........   17%         3
 Animate Dead             Necr           #.........   50%         4
 Agony                    Necr           #.......     85%         5


Dungeon Overview and Level Annotations

Branches:
Dungeon (2/15)

Altars:

Annotations:
D:2 Crazy Yiuf


Innate Abilities, Weirdness & Mutations

Your body is rotting away.
You thrive by killing the living.
You are immune to poison.
You have sharp fingernails.
Your flesh is cold resistant. (rC+)
You are immune to negative energy. (rN+++)
You do not regenerate when monsters are visible.
You are immune to unholy pain and torment.
You can survive without breathing.


Message History

Your +1 robe glows green for a moment.
You open the door.
Casting: Pain (safe; 6% risk of failure)
Confirm with . or Enter, or press ? or * to list all spells.
Aiming: Pain (safe; 6% risk of failure)
Press: ? - help, Shift-Dir - straight line, f/p - Crazy Yiuf
Aim: Crazy Yiuf, wielding a +4 quarterstaff of chaos and wearing a +0 cloak (chance to defeat MR: 66%) Crazy Yiuf writhes in agony.
Crazy Yiuf hits you with a +4 quarterstaff of chaos.
You feel yourself slow down.
Casting: Pain (safe; 6% risk of failure)
Confirm with . or Enter, or press ? or * to list all spells.
Aiming: Pain (safe; 6% risk of failure)
Press: ? - help, Shift-Dir - straight line, f/p - Crazy Yiuf
Aim: Crazy Yiuf, wielding a +4 quarterstaff of chaos and wearing a +0 cloak (lightly wounded, chance to defeat MR: 66%) Crazy Yiuf writhes in agony.
Crazy Yiuf hits you with a +4 quarterstaff of chaos!
You are electrocuted!
Ouch! That really hurt!
You die...

#######.......
>......)#.....
..............
######(#......
#.#......
#######.#...... ###
###.#)...##......
#...##..#)..........^.
#...g@####......######
#)..### ##....## ###
######


You could see Crazy Yiuf.

Vanquished Creatures
  A worm (D:2)
  A dart slug (D:1)
  A goblin (D:1)
  5 bats
  2 frilled lizards (D:1)
  A kobold (D:1)
  2 rats (D:1)
13 creatures vanquished.

Notes
Turn   | Place    | Note
-------+----------+-------------------------------------------
     0 | D:1      | Isi the Ghoul Necromancer began the quest for the Orb.
     0 | D:1      | Reached XP level 1. HP: 14/14 MP: 2/2
     3 | D:1      | Noticed an electric eel
     3 | D:1      | Noticed an electric eel
     6 | D:1      | Learned a level 1 spell: Animate Skeleton
   635 | D:1      | Reached XP level 2. HP: 14/20 MP: 0/3
  1446 | D:2      | Found a runed translucent door.
  1447 | D:2      | Noticed Crazy Yiuf
  1453 | D:2      | Slain by Crazy Yiuf

Illustrated notes

Levels and vault maps discovered:
D:1:      arrival_aquarium_b, layout_loops_corners, corner_web_ring
D:2:      layout_rooms, elyvilon_altar_1, uniq_sigmund, uniq_crazy_yiuf_cottage

Action                   || total
-------------------------++-------
Melee: Unarmed           ||    37
 Cast: Pain              ||     7
       Animate Skeleton  ||     1
  Use: Potion            ||     5
       Scroll            ||     5
 Stab: Sleeping          ||     5
Armor: Robe              ||    22
Dodge: Dodged            ||    31

Table legend: (Time is in decaauts)
 A = Elapsed time spent in this place.
 B = Non-inter-level travel time spent in this place.
 C = Inter-level travel time spent in this place.
 D = Time resting spent in this place.
 E = Time spent auto-exploring this place.
 F = Levels seen in this place.
 G = Mean time per level.
                   A        B        C        D        E       F      G
               +--------+--------+--------+--------+--------+-----+--------+
         Total |   1438 |   1424 |     14 |    455 |    819 |   2 |  719.0 |
       Dungeon |   1438 |   1424 |     14 |    455 |    819 |   2 |  719.0 |
               +--------+--------+--------+--------+--------+-----+--------+

Top non-repeatable levels by time:
     D:1: 1172 daAuts
     D:2: 266 daAuts
